[Event "ChessKid Cup Div-III 2023"]
[Site "Online"]
[Date "2023.05.22"]
[Round "1.3"]
[White "Iniyan, P."]
[Black "Kamsky, Gata"]
[Result "1/2-1/2"]
[ECO "D52"]
[WhiteElo "2525"]
[BlackElo "2665"]
[Annotator "TA"]
[PlyCount "129"]
[EventDate "2023.05.21"]
[EventType "k.o."]
[EventCountry "NET"]
[SourceTitle "playchess.com"]
[Source "ChessBase"]
[SourceQuality "1"]
[TimeControl "900+3"]

1. d4 Nf6 2. c4 e6 3. Nf3 d5 4. Nc3 c6 5. Bg5 Nbd7 6. e3 Qa5 7. cxd5 exd5 8. Bd3 Ne4 9. O-O $1 {[%emt 0:00:05] 9.0-0 scores better than 9.Qc2.} Nxg5 10. Nxg5 {[%emt 0:00:03] [#] Qh5 would be deadly.} Be7 {[%emt 0:00:04] D52: Queen's Gambit Declined: Cambridge Springs Variation.} 11. f4 (11. Nxh7 $2 g6 12. f4 Rxh7 $19) 11... Nf6 12. Qc2 h6 13. Nf3 {[%emt 0:00:06] [#]} Be6 $146 ({Predecessor:} 13... O-O 14. Rae1 c5 15. Kh1 c4 16. Bf5 b5 17. a3 b4 18. axb4 Qxb4 19. Bxc8 Rfxc8 {1-0 Sivuk,V (2588)-Novita,A (2381) Penang op 11th 2019 (7)}) 14. Ne5 Rd8 15. Kh1 Qc7 16. a3 h5 17. b4 a6 18. Na4 Bd6 19. Nc5 Bc8 20. a4 a5 21. bxa5 {[%emt 0:00:12] White has more active pieces. The black rooks are badly placed.} Qxa5 22. Nb3 {[%emt 0:00:52] A dynamic duo of knights.} Qc7 23. a5 O-O 24. a6 bxa6 25. Bxa6 (25. Nxc6 Rde8 $11) 25... Ng4 {[%emt 0:00:29] aiming for ...Bxa6.} 26. Bxc8 (26. Nxc6 $2 {is the wrong capture.} Nxe3 27. Qc1 Nxf1 28. Bxf1 Bxf4 $19) 26... Qxc8 27. Qe2 ({Reject} 27. Nxc6 Nxe3 28. Qc1 Nxf1 29. Nxd8 Qxc1 30. Rxc1 Nxh2 $19) 27... f6 28. Nxg4 hxg4 29. f5 Rfe8 30. Qxg4 Rxe3 31. Nd2 ({But not} 31. Ra7 Rd7 32. Rxd7 Qxd7 $17) 31... Qc7 32. Nf3 Re4 33. Qh5 Qf7 34. Qxf7+ Kxf7 35. Rfc1 Rc8 36. Ra6 Rf4 37. Ra7+ Kg8 38. Rd7 Bf8 39. Rxd5 $2 {[%emt 0:00:09] [#]} (39. Kg1 $11 {and White has nothing to worry.}) 39... cxd5 $2 ({Better is} 39... Ba3 $1 $19 40. Rcc5 Rb8 41. Rxc6 Rb1+ 42. Ng1 Rff1) 40. Rxc8 $11 Rxf5 {[%emt 0:00:03][%mdl 4096] Endgame KRB-KRN} 41. Rc7 Rf4 42. Rd7 g5 {[%emt 0:00:04] Threatens to win with ...g4.} 43. h3 g4 44. hxg4 Rxg4 45. Kh2 Re4 46. Kg3 Be7 47. Rxd5 Kf7 48. Ra5 (48. Nd2 $5 Ke6 49. Nxe4 Kxd5 50. Kf4 $11) 48... Bd6+ {[%emt 0:00:04] The position is equal.} 49. Kf2 Bf4 50. Ra7+ Ke6 51. Ra6+ Kf7 52. d5 Rb4 53. Ra2 Ke7 54. g3 Bc7 55. Nh4 Kd6 56. Rd2 Bb6+ 57. Kg2 Bd4 58. Nf5+ Kxd5 59. g4 {[%emt 0:00:09] Strongly threatening Kf3.} Ke4 60. Re2+ Kf4 61. Nxd4 Rxd4 62. Rf2+ Kxg4 63. Rxf6 Rd2+ 64. Rf2 Rxf2+ 65. Kxf2 {[%emt 0:00:03] Weighted Error Value: White=0.09 (flawless) /Black=0.09 (flawless)} 1/2-1/2

[Event "ChessKid Cup Div-III 2023"]
[Site "Online"]
[Date "2023.05.22"]
[Round "2.1"]
[White "Harikrishna, Pentala"]
[Black "Yu, Yangyi"]
[Result "1/2-1/2"]
[ECO "D37"]
[WhiteElo "2704"]
[BlackElo "2729"]
[Annotator "TA"]
[PlyCount "81"]
[EventDate "2023.05.21"]
[EventType "k.o."]
[EventCountry "NET"]
[SourceTitle "playchess.com"]
[Source "ChessBase"]
[SourceQuality "1"]
[TimeControl "900+3"]

1. c4 e6 2. Nc3 d5 3. d4 h6 4. Nf3 Nf6 5. e3 c5 6. cxd5 {[%emt 0:00:13] D37: Queen's Gambit Declined: 5 Bf4.} exd5 7. Bb5+ Nc6 8. O-O {[%emt 0:00:11][%cal Oe3e4] White is slightly better.} Bd6 9. dxc5 Bxc5 10. b3 O-O 11. Bb2 {[%emt 0:00:06] [#]} Bg4 $146 ({Predecessor:} 11... Bd6 12. Rc1 Be6 13. Ne2 Rc8 14. Ned4 Nxd4 15. Qxd4 Qa5 16. a4 a6 17. Bd3 Rfe8 {½-½ Krimbacher,W (2250)-Reinstadler,B (2166) AUT-ch32 email 2014}) 12. Bxc6 bxc6 13. Rc1 {[%emt 0:00:09][%cal Oc3d5] Black should prevent Nxd5!} Rc8 14. Ne2 Bd6 15. Ng3 (15. Ne5 $14) 15... Re8 $11 16. Qd3 Bxf3 17. gxf3 Be5 18. Bxe5 Rxe5 19. Qd4 Re6 20. Rc2 Qb6 21. Qxb6 axb6 22. a4 c5 23. Rd1 Rd8 24. Ne2 (24. b4 $5 ) 24... Red6 {[%emt 0:00:10] The position is equal.} 25. Rcd2 R6d7 {[%emt 0:00:20] [#]} 26. b4 $1 Ra8 (26... Ra7 27. bxc5) 27. bxc5 bxc5 (27... Rxa4 $2 28. c6 (28. cxb6 Rb4 $16) 28... Rc7 29. Nd4 $16) 28. Nc3 Rc7 29. Nxd5 Nxd5 30. Rxd5 Rxa4 {[%emt 0:00:01][%mdl 4096] Endgame KRR-KRR} 31. Rc1 c4 32. Rd4 g6 33. f4 Kg7 34. Kg2 Rb4 35. h4 h5 36. Kf3 Rc5 37. Rc3 Ra4 38. Kg3 Rb4 39. Kf3 Ra4 40. Kg3 Rb4 41. Kf3 {[%emt 0:00:01] Weighted Error Value: White=0.06 (flawless) /Black=0.07 (flawless)} 1/2-1/2

[Event "ChessKid Cup Div-III 2023"]
[Site "Online"]
[Date "2023.05.22"]
[Round "2.1"]
[White "Keymer, Vincent"]
[Black "Lysyj, Igor"]
[Result "1/2-1/2"]
[ECO "A13"]
[WhiteElo "2700"]
[BlackElo "2606"]
[Annotator "TA"]
[PlyCount "106"]
[EventDate "2023.05.21"]
[EventType "k.o."]
[EventCountry "NET"]
[SourceTitle "playchess.com"]
[Source "ChessBase"]
[SourceQuality "1"]
[TimeControl "900+3"]

1. Nf3 Nf6 2. c4 e6 3. Nc3 d5 4. e3 Be7 5. b3 O-O 6. Bb2 c5 $1 {[%emt 0:00:03] The main line 6...c5 scores better than 6...b6.} 7. d4 cxd4 {[%emt 0:00:06] A13: English Opening: 1...e6.} 8. Nxd4 dxc4 9. Bxc4 a6 10. Be2 b5 11. Bf3 Ra7 12. O-O {[%emt 0:00:06] [#]} Bb7 $146 (12... e5 $5 13. Nde2 Nbd7 $11) ({Predecessor:} 12... Rd7 13. Qb1 Bb7 14. Bxb7 Rxb7 15. Rd1 Rd7 16. Qc2 Qc7 17. Rac1 Rfd8 18. h3 g6 {0-1 Vidit,S (2726)-Zierk,S (2499) Titled Tuesday intern op 23rd Feb blitz 2021 (4)}) 13. Bxb7 Rxb7 14. Qf3 Qc8 15. Rac1 {[%emt 0:02:05][%cal Oc3b5] White wants to play Ncxb5!} Rc7 16. Qg3 {[%emt 0:00:48][%cal Oc3d5] [#] aiming for Nd5!} Nh5 17. Qf3 (17. Qe5 {seems wilder.} Rc5 18. Nf5 Bf6 19. Qxf6 Nxf6 20. Ne7+) 17... Nf6 18. a4 bxa4 19. Nxa4 Rd8 20. Rxc7 Qxc7 21. Rc1 Qa5 22. Qb7 (22. h3 {is interesting.} Qd2 23. Kf1 Nd5 24. Qe2) 22... Qb4 (22... Nd5 {looks sharper.} 23. Bc3 Nxc3 24. Qxe7 Nd5) 23. Qxb4 Bxb4 24. g3 Ne8 25. Kg2 Kf8 26. Rc4 Be7 27. Nc6 Nxc6 28. Rxc6 Rb8 29. Rxa6 (29. Bd4 $14) 29... Rxb3 $11 30. Ra8 f6 31. Bd4 Ra3 32. f4 Ra2+ 33. Kf3 Kf7 34. Nb6 Rxh2 35. Ra7 {[%emt 0:00:02] [#]} (35. Nc8 $11 Rc2 36. Nxe7 Kxe7 37. g4) 35... Rc2 $1 $17 36. g4 Rc7 37. Ra8 Nd6 38. Ra5 Rb7 39. Na4 Nc4 40. Ra6 Nd2+ 41. Ke2 Ne4 42. Nc3 Nxc3+ 43. Bxc3 $15 {[%emt 0:00:01][%mdl 4096] Endgame KRB-KRB} f5 44. g5 h6 45. gxh6 gxh6 46. Ra8 Bf8 47. Kf3 h5 48. Rc8 {[%emt 0:00:07] The position is equal.} h4 49. Kg2 Be7 50. Bd4 Rd7 51. Ra8 Rb7 52. Kh3 Rd7 53. Rc8 Rb7 {[%emt 0:00:04] Weighted Error Value: White=0.08 (flawless) /Black=0.06 (flawless)} 1/2-1/2

[Event "ChessKid Cup Div-III 2023"]
[Site "Online"]
[Date "2023.05.22"]
[Round "2.1"]
[White "Sevian, Samuel"]
[Black "Chigaev, Maksim"]
[Result "1/2-1/2"]
[ECO "C00"]
[WhiteElo "2684"]
[BlackElo "2628"]
[Annotator "TA"]
[PlyCount "100"]
[EventDate "2023.05.21"]
[EventType "k.o."]
[EventCountry "NET"]
[SourceTitle "playchess.com"]
[Source "ChessBase"]
[SourceQuality "1"]
[TimeControl "900+3"]

1. Nc3 d5 2. e4 e6 3. g4 Nf6 4. Bg2 {[%emt 0:00:02] [#]} Nc6 $146 ({Predecessor:} 4... Bc5 5. d3 dxe4 6. Nxe4 Nxe4 7. Bxe4 O-O 8. Ne2 Qh4 9. d4 f5 10. dxc5 fxe4 {1-0 Tauriainen,M (2138)-Rasanen,O (1865) Heart of Finland op 22nd 2012 (9)}) 5. d3 {[%emt 0:00:02] [#]} dxe4 (5... d4 $1 $17 6. Nb1 e5) 6. Nxe4 {[%emt 0:00:05] C00: French: Unusual White 2nd moves.} (6. g5 $5 Nd5 7. Bxe4 $11) 6... Nxe4 7. Bxe4 e5 8. h3 {[%emt 0:00:01] Black has an edge.} Be6 9. Nf3 Qd7 10. Qe2 O-O-O 11. Be3 f6 12. Rg1 Kb8 (12... h5 {seems wilder.} 13. O-O-O Nb4 14. b3 Nd5) 13. a3 h5 14. Nd2 hxg4 15. hxg4 Nd4 16. Bxd4 Qxd4 17. c3 Qb6 ({Black should play} 17... Qa4 $17 {White should prevent ...Bc5.} 18. Qd1 Qa6) 18. O-O-O Bc5 19. Nc4 {[%emt 0:00:02] White is weak on the dark squares} Bxc4 20. dxc4 Bxf2 21. Rxd8+ Rxd8 22. Rd1 {[%emt 0:00:00][%cal Rd1d8] [#]} Qe3+ 23. Qxe3 Bxe3+ (23... Rxd1+ {simplifies} 24. Kxd1 Bxe3 25. a4 b6) 24. Kc2 Rxd1 25. Kxd1 $15 {[%emt 0:00:00][%mdl 4096] Endgame KB-KB} b6 26. a4 a5 27. Ke2 Bc1 28. b3 Kc8 29. Kd3 Kd7 30. Bf5+ Ke7 31. Bg6 Ke6 32. c5 bxc5 33. Kc4 Bd2 34. Kd3 Be1 35. Kc4 e4 36. Bxe4 Ke5 37. Bf5 Kf4 38. Kd3 Kg5 39. Bc8 g6 40. Be6 Kf4 41. Bc8 f5 42. gxf5 gxf5 43. Be6 Ke5 44. Bc4 f4 45. Ke2 Bxc3 46. Kf3 Bd2 47. Bg8 Be3 48. Bc4 Bd2 49. Bg8 $1 Be3 50. Bc4 Bd2 {[%emt 0:00:00] Weighted Error Value: White=0.06 (flawless) /Black=0.11 (very precise)} (50... Kd4 $15) 1/2-1/2

[Event "ChessKid Cup Div-III 2023"]
[Site "Online"]
[Date "2023.05.22"]
[Round "2.1"]
[White "Kamsky, Gata"]
[Black "Vallejo Pons, Francisco"]
[Result "1/2-1/2"]
[ECO "A40"]
[WhiteElo "2665"]
[BlackElo "2712"]
[Annotator "TA"]
[PlyCount "47"]
[EventDate "2023.05.21"]
[EventType "k.o."]
[EventCountry "NET"]
[SourceTitle "playchess.com"]
[Source "ChessBase"]
[SourceQuality "1"]
[TimeControl "900+3"]

1. d4 e6 2. Bf4 c5 3. e3 Qb6 4. Na3 d5 5. Nb5 Na6 6. c3 {[%emt 0:00:04] A40: Unusual replies to 1 d4.} Bd7 7. a4 Nf6 8. Nf3 {[%emt 0:00:26] White is slightly better.} Be7 9. Ne5 {[%emt 0:00:07] White is more active.} (9. a5 $5 Qd8 10. Nd6+ Bxd6 11. Bxd6 $14) 9... O-O 10. Nxd7 Nxd7 {[%emt 0:00:00] [#]} 11. Be2 $146 ({Predecessor:} 11. Bd3 Nf6 12. O-O Ne8 13. Re1 Nd6 14. a5 Qc6 15. Qa4 Rfd8 16. Nxd6 Qxa4 17. Rxa4 Bxd6 18. Bxa6 Bxf4 19. exf4 bxa6 20. dxc5 {1-0 Jobava,B (2603)-Lana Rodriguez,D (2361) Titled Tuesday intern op 02nd Mar blitz 2021 (6)}) 11... Rfc8 12. O-O Nab8 (12... Nf6 $11) 13. a5 Qc6 14. dxc5 Nxc5 15. c4 dxc4 16. Bxc4 a6 17. Nd4 Qe8 18. Be2 (18. b4 $5 Ne4 19. Qd3 $11 (19. Bd3 Nc3 $11)) 18... Nbd7 {[%emt 0:00:30] The position is equal.} 19. Nb3 Bf6 20. Ra2 Rd8 21. Bc7 {[%emt 0:00:24] [#] Hoping for Nxc5.} Rdc8 22. Bf4 Rd8 23. Bc7 {[%emt 0:00:05] Strongly threatening Nxc5.} Rdc8 {[%emt 0:00:01] ...Nxb3 is the strong threat.} 24. Bf4 {[%emt 0:00:47] Weighted Error Value: White=0.10 (very precise) /Black=0.08 (flawless)} 1/2-1/2

[Event "ChessKid Cup Div-III 2023"]
[Site "Online"]
[Date "2023.05.22"]
[Round "2.1"]
[White "Gledura, Benjamin"]
[Black "Antipov, Mikhail Al."]
[Result "1/2-1/2"]
[ECO "C45"]
[WhiteElo "2644"]
[BlackElo "2588"]
[Annotator "TA"]
[PlyCount "108"]
[EventDate "2023.05.21"]
[EventType "k.o."]
[EventCountry "NET"]
[SourceTitle "playchess.com"]
[Source "ChessBase"]
[SourceQuality "1"]
[TimeControl "900+3"]

1. e4 e5 2. Nf3 Nc6 3. d4 exd4 4. Nxd4 Nf6 5. Nxc6 bxc6 6. Bd3 d5 7. exd5 cxd5 8. O-O Be7 9. c4 O-O 10. Nc3 {[%emt 0:00:06] now supersedes 10.cxd5. C45: Scotch Game.} Bg4 (10... d4 $5 11. Ne4 Ng4 $11) 11. Qc2 c6 {[%emt 0:00:03] [#]} 12. Bf4 $146 {[%emt 0:00:36] White has an edge.} ({Predecessor:} 12. Bg5 h6 13. Bh4 Rb8 14. b3 Re8 15. Bg3 Bd6 16. Rfe1 Bxg3 17. hxg3 Qd6 18. Na4 {1-0 Belenkaya,D (2297)-Vivas,F (1951) Titled Tuesday intern op 28th Apr blitz 2020 (4)}) 12... dxc4 13. Be2 (13. Bxc4 $11 Re8 14. Rae1) 13... Qd4 14. Bg3 Rad8 15. Rad1 (15. Rfd1 $5 Qc5 $8 16. Bxg4 Nxg4 17. Ne4 $11) 15... Qc5 16. Bxg4 Nxg4 17. Ne4 Qb5 18. h3 Nf6 19. Bd6 Bxd6 20. Nxd6 Qa6 21. Qxc4 Qxc4 22. Nxc4 Rd5 23. Rfe1 Rb8 24. b3 Kf8 25. Rc1 Re8 26. f3 g6 27. Kf2 Rxe1 28. Rxe1 $11 {[%emt 0:00:02][%mdl 4096] Endgame KRN-KRN} Nd7 29. Re2 Nc5 30. Ke3 Rd3+ 31. Kf2 Rd5 32. h4 Nd3+ 33. Ke3 Nb4 34. g4 h5 35. a3 Na6 36. Rd2 Rxd2 (36... Nc5 $11) 37. Nxd2 hxg4 ({Better is} 37... Nc7 $1 $14) 38. fxg4 {[%emt 0:00:00] KN-KN} Nc7 (38... Nc5 $16) 39. Kd4 $2 ({White should play} 39. Nf3 $18) 39... Nb5+ $1 {[%emt 0:00:08] The position is equal.} 40. Kc5 {[%emt 0:00:01] [#] Threatens to win with a4.} Nxa3 41. Kxc6 Nc2 42. Kb7 Ke7 43. Kxa7 Ke6 44. g5 f6 45. gxf6 Kxf6 46. Kb7 Kf5 47. Nc4 Kg4 48. Ne5+ Kxh4 49. Nxg6+ Kg5 50. Nf8 Kf5 51. Kb6 Nd4 52. b4 Nc2 53. b5 {[%emt 0:00:00] [#] White threatens Kc5 and mate.} Na3 54. Kc5 Nxb5 $1 {[%emt 0:00:00] Weighted Error Value: White=0.12 (very precise) /Black=0.09 (flawless)} 1/2-1/2

[Event "ChessKid Cup Div-III 2023"]
[Site "Online"]
[Date "2023.05.22"]
[Round "2.1"]
[White "Pichot, Alan"]
[Black "Tari, Aryan"]
[Result "1/2-1/2"]
[ECO "C65"]
[WhiteElo "2638"]
[BlackElo "2642"]
[Annotator "TA"]
[PlyCount "70"]
[EventDate "2023.05.21"]
[EventType "k.o."]
[EventCountry "NET"]
[SourceTitle "playchess.com"]
[Source "ChessBase"]
[SourceQuality "1"]
[TimeControl "900+3"]

1. e4 e5 2. Nf3 Nc6 3. Bb5 Nf6 4. d3 Bc5 5. c3 O-O 6. O-O {[%emt 0:00:05] C65: Ruy Lopez: Berlin Defence (3...Nf6), unusual lines and 4 0-0 Bc5.} d5 {[%emt 0:00:03] now supersedes 6...d6.} 7. exd5 Qxd5 8. Bc4 Qd8 9. Nbd2 h6 10. b4 Bd6 11. h3 {[%emt 0:00:23] [#]} Re8 $146 ({Predecessor:} 11... Bf5 12. Qe2 a6 13. a4 Re8 14. Ne4 Be6 15. Rb1 Nxe4 16. dxe4 Qf6 17. Bxe6 Qxe6 {1-0 Bosiocic,M (2619)-Michalik,P (2594) BL2-Sued 1920 2019 (5.1)}) 12. Qc2 Bf5 13. Ne4 Nxe4 14. dxe4 Be6 15. Bxe6 Rxe6 16. Be3 Qe8 17. a4 Bf8 18. Nd2 Nb8 19. Nc4 Nd7 20. Rfd1 a6 21. Na5 b6 {[%emt 0:00:33] The position is equal.} 22. Nb3 Nf6 23. f3 Rc6 24. b5 Rd6 25. c4 Rxd1+ 26. Rxd1 axb5 27. axb5 Ra3 28. Ra1 Rxa1+ 29. Nxa1 Nd7 30. Nb3 Qa8 31. Qd3 Bd6 32. Kh2 Qa3 33. Qc2 Nc5 34. Bxc5 Bxc5 35. Nxc5 Qxc5 {[%emt 0:00:01] Weighted Error Value: White=0.05 (flawless) /Black=0.04 (flawless)} 1/2-1/2

[Event "ChessKid Cup Div-III 2023"]
[Site "Online"]
[Date "2023.05.22"]
[Round "2.1"]
[White "Bok, Benjamin"]
[Black "Lazavik, Denis"]
[Result "1/2-1/2"]
[ECO "A14"]
[WhiteElo "2607"]
[BlackElo "2544"]
[Annotator "TA"]
[PlyCount "78"]
[EventDate "2023.05.21"]
[EventType "k.o."]
[EventCountry "NET"]
[SourceTitle "playchess.com"]
[Source "ChessBase"]
[SourceQuality "1"]
[TimeControl "900+3"]

1. c4 Nf6 2. Nf3 e6 3. g3 d5 4. Bg2 Be7 5. O-O O-O 6. b3 c5 7. cxd5 Nxd5 8. Bb2 Nc6 9. Nc3 {[%emt 0:00:11] 9.d4 gains popularity.} Bf6 10. Qc2 {[%emt 0:00:09] The position is equal.} b6 {[%emt 0:00:08] A14: English Opening: 1...e6 with b3 by White.} 11. Nxd5 Bxb2 12. Qxb2 {[%emt 0:00:02] [#] aiming for Nf4.} exd5 13. d4 Qf6 14. Qd2 cxd4 15. Rfd1 Bg4 16. Nxd4 Nxd4 17. Qxd4 Qxd4 18. Rxd4 Bxe2 19. Re1 Rae8 {[%emt 0:01:59] [#]} 20. h4 $146 ({Predecessor:} 20. Bxd5 Bb5 21. Red1 Re7 22. a4 Bd7 23. Kg2 g6 24. h4 h5 25. R1d2 Kg7 {½-½ Horvath,G (2480)-Almasi,I (2415) HUN-chT 9798 1997}) 20... g6 21. Rxd5 Bg4 22. Rde5 Rxe5 23. Rxe5 $11 {[%emt 0:00:00][%mdl 4096] Endgame KRB-KRB} Rd8 24. Rd5 Rc8 25. Rd2 Be6 26. Kf1 Kf8 27. Ke2 Ke7 28. Ke3 Rc5 29. Be4 h6 30. Rc2 Kd6 (30... Re5 $5 31. f3 $8 f5 $11 {[%mdl 64] Pin}) 31. f4 Rxc2 32. Bxc2 Bf5 33. Bxf5 gxf5 {[%emt 0:00:01] KP-KP} 34. Kd4 h5 35. a4 a6 36. Kc4 Kc6 37. Kd4 Kd6 38. Kc4 Kc6 39. Kd4 Kd6 {[%emt 0:00:01] An interesting draw.   Weighted Error Value: White=0.01 (flawless) /Black=0.01 (flawless)} 1/2-1/2

[Event "ChessKid Cup Div-III 2023"]
[Site "Online"]
[Date "2023.05.22"]
[Round "2.1"]
[White "Harshavardhan G B"]
[Black "Bernadskiy, Vitaliy"]
[Result "0-1"]
[ECO "B90"]
[WhiteElo "2408"]
[BlackElo "2592"]
[Annotator "TA"]
[PlyCount "110"]
[EventDate "2023.05.21"]
[EventType "k.o."]
[EventCountry "NET"]
[SourceTitle "playchess.com"]
[Source "ChessBase"]
[SourceQuality "1"]
[TimeControl "900+3"]

1. e4 c5 2. Nf3 d6 3. d4 cxd4 4. Nxd4 Nf6 5. Nc3 a6 6. Be3 e5 7. Nb3 Be7 8. h3 {[%emt 0:00:03] B90: Sicilian Najdorf: Unusual White 6th moves, 6 Be3 Ng4 and 6 Be3 e5.} Be6 9. g4 O-O (9... d5 $5 ) 10. g5 {[%emt 0:01:28] White has an edge.} Nfd7 11. Qd2 {[%emt 0:00:02] has lost popularity (11.h4).} Nb6 $5 {[%emt 0:00:21][%mdl 4] [#] Exploring less charted territory.} (11... a5 $11) 12. Nd5 $146 (12. O-O-O $14) ({Predecessor:} 12. O-O-O a5 13. Kb1 Nc4 14. Bxc4 Bxc4 15. Nc1 Nd7 16. h4 b5 17. N1e2 b4 18. Nd5 Bxd5 19. Qxd5 {1-0 Yemelin,V (2567)-Arsovic,G (2422) Skopje Karposh op 2012 (7)}) 12... Nxd5 $11 13. exd5 Bf5 14. O-O-O a5 15. Bd3 {[%emt 0:00:27] Dodges Na6} (15. Kb1 $11 {remains equal.}) 15... Bxd3 $17 {[%emt 0:00:26] Black keeps a firm grip on the game.} 16. Qxd3 Bxg5 17. Kb1 a4 18. Nd2 Nd7 19. Rhg1 (19. Bxg5 $142 Qxg5 20. Rhg1) 19... Bxe3 20. Qxe3 f5 {[%emt 0:00:10] Repels Ne4} 21. Nc4 Qf6 22. f4 (22. Nb6 $17 Nxb6 23. Qxb6) 22... Rfc8 23. fxe5 (23. Na3 $17) 23... dxe5 $19 ({Inferior is} 23... Nxe5 24. Nb6 $15) 24. Na3 e4 25. h4 Ra6 26. h5 (26. Rd4 $142) 26... Rb6 27. Qd4 {[%emt 0:00:03] [#]} (27. Rd4 $142) 27... e3 $1 28. Qxf6 (28. Rge1 f4) 28... Rxf6 29. Nb5 f4 30. Rde1 Re8 31. Nc7 Re5 32. Ne6 g6 {[%emt 0:00:01] ...f3 would be deadly.} ({Don't play} 32... Rxd5 33. Rxg7+ Kh8 34. Reg1 $18) 33. hxg6 hxg6 {[%emt 0:00:00] Strongly threatening ...f3.} (33... Rxd5 $2 {too greedy.} 34. gxh7+ Kxh7 35. c4 $19) 34. Nxf4 Rxf4 35. Rxg6+ Kf7 36. Rg3 e2 {[%emt 0:00:05] ( -> ...Rf1)} 37. Kc1 Nf6 {[%emt 0:00:16][%cal Of4f1] ...Rf1! is the strong threat.} 38. Rg2 Rf1 39. Kd2 Ne4+ 40. Kxe2 Ng3+ {[%emt 0:00:03][%mdl 64] [#] Discovered Attack (Double check), Deflection} 41. Kd3 Rfxe1 42. Rxg3 Rxd5+ 43. Kc4 Rd2 44. Rc3 Ree2 45. Kb4 Rxc2 46. Rf3+ Ke6 47. Kxa4 Rxb2 48. a3 Re4+ 49. Ka5 Re5+ 50. Ka4 b5+ 51. Ka5 b4+ 52. Ka4 bxa3 53. Kxa3 {[%emt 0:00:06] Black mates.} Rb8 54. Ka4 Re1 55. Ra3 Ra8+ {[%emt 0:00:01] Weighted Error Value: White=0.88/Black=0.11 (very precise)} 0-1

[Event "ChessKid Cup Div-III 2023"]
[Site "Online"]
[Date "2023.05.22"]
[Round "2.2"]
[White "Yu, Yangyi"]
[Black "Harikrishna, Pentala"]
[Result "1/2-1/2"]
[ECO "C54"]
[WhiteElo "2729"]
[BlackElo "2704"]
[Annotator "TA"]
[PlyCount "107"]
[EventDate "2023.05.21"]
[EventType "k.o."]
[EventCountry "NET"]
[SourceTitle "playchess.com"]
[Source "ChessBase"]
[SourceQuality "1"]
[TimeControl "900+3"]

1. e4 e5 2. Nf3 Nc6 3. Bc4 Bc5 4. d3 Nf6 5. Bg5 h6 6. Bh4 d6 7. c3 {[%emt 0:00:13] Nowadays more popular than 7.h3.} a6 8. a4 {[%emt 0:00:14] C54: Giuoco Piano: 4 c3 Nf6, main lines with 5 d4 and 5 d3.} Ba7 9. Nbd2 O-O (9... g5 $5 10. Bg3 O-O $11) 10. O-O {[%emt 0:00:25] White has an edge.} Re8 (10... g5 {is more complex.} 11. Bg3 g4 12. Bh4 gxf3 13. Qxf3 Kg7) 11. b4 Be6 12. Re1 Nb8 13. d4 Nbd7 {[%emt 0:00:10] [#]} 14. Qb3 $146 ({Predecessor:} 14. d5 Bg4 15. h3 Bh5 16. g4 Bg6 17. Bg3 Nf8 18. Nh4 Bh7 19. Nf5 Ng6 20. Qf3 {½-½ Cheparinov,I (2688)-Melkumyan,H (2640) TUR-chT Izmir 2016 (4.1)}) 14... Qe7 15. Rad1 (15. h3 $5 ) 15... b5 16. Bxe6 Qxe6 17. Qc2 Nh5 18. Nf1 Nb6 19. axb5 axb5 20. Ne3 Nc4 21. Nd5 Bb8 22. Nd2 Nxd2 23. Qxd2 c6 24. Ne3 Ra2 $1 25. d5 Rxd2 26. dxe6 Rxd1 27. exf7+ Kxf7 28. Rxd1 g5 29. Bg3 Nf6 $1 30. f3 Ba7 (30... d5 $1 $15) 31. Bf2 (31. Kf2 $1 $11) 31... Bxe3 $1 $15 32. Bxe3 {[%emt 0:00:00][%mdl 4096] Endgame KRB-KRN} d5 33. exd5 Nxd5 34. Bc5 Ra8 35. Re1 Kf6 $1 ({But not} 35... Nxc3 $6 36. Rxe5 Ra1+ 37. Kf2 $11) 36. Bd6 Re8 37. Rc1 Nf4 {[%emt 0:00:02] White must now prevent ...Ne2+.} (37... Rd8 $5 38. Bc5 Nf4 $15) 38. Rd1 (38. Re1 $15) 38... Ne2+ $17 39. Kf2 Nxc3 40. Rc1 {[%emt 0:00:01] [#]} Nd5 41. Ra1 (41. Rxc6 $2 {is the wrong capture.} Re6 42. g3 Kg6 $19) 41... Rd8 42. Bc5 Nf4 (42... h5 $17 43. Ra6 Rc8) 43. Ra6 $1 $15 Rc8 44. g3 $1 Nd5 45. Ke2 {[%emt 0:00:05] [#]} (45. h3 $15) 45... h5 $1 $17 46. Ra7 Nc7 (46... g4 $17 47. Rh7 Kg6) 47. Kd3 ({White should play} 47. Bd6 $15 Nd5 48. Bc5) 47... Ke6 (47... Kf5 $142 48. Ke3 Nd5+ 49. Ke2 g4) 48. Ke4 (48. h3 $142) 48... Nd5 49. h4 Rg8 (49... gxh4 $17 50. gxh4 Rd8) 50. Ra6 $15 Nf6+ 51. Ke3 $1 Nd5+ 52. Ke4 Nf6+ 53. Ke3 $1 Nd5+ 54. Ke4 {[%emt 0:00:01] Weighted Error Value: White=0.16 (very precise) /Black=0.15 (very precise)} 1/2-1/2